[Event "Early-Titled-Tuesday-Blitz-October-17-2023"]
[Site "Chess.com"]
[Date "2023.10.17"]
[Round "7"]
[White "seopie"]
[Black "Aygehovit1992"]
[Result "1-0"]
[WhiteElo "2854"]
[BlackElo "2706"]
[TimeControl "180+1"]
[EndTime "9:20:06 PDT"]
[Termination "seopie won by resignation"]

1. d4 Nf6 2. c4 g6 3. Nc3 Bg7 4. e4 d6 5. h3 e5 6. dxe5 dxe5 7. Qxd8+ Kxd8 8. Nf3 Nc6 9. Bg5 Be6 10. Nd5 Bxd5 11.
cxd5 Nb4 12. Rc1 Kc8 13. a3 Na6 14. Bxa6 bxa6 15. Bxf6 Bxf6 16. Rc6 Bd8 17. Rxa6 f5 18. Ke2 fxe4 19. Nxe5 Re8 20. Nc6 Kb7 21. Ra4 Bf6 22.
Rc1 a6 23. Rcc4 Kc8 24. b3 Bb2 25. Rxe4 Rxe4+ 26. Rxe4 Bxa3 27. Re8+ Kb7 28. Rxa8 Kxa8 29. f4 Kb7 30. Kd3 Kc8 31. g4 Kd7 32. Ke4 Kd6 33.
f5 gxf5+ 34. gxf5 Bb2 35. Nd4 Kc5 36. Nf3 h6 37. Ne5 Kd6 38. Nc4+ 1-0

[Event "Early-Titled-Tuesday-Blitz-October-17-2023"]
[Site "Chess.com"]
[Date "2023.10.17"]
[Round "7"]
[White "NowInChess"]
[Black "Juicy_Fork"]
[Result "0-1"]
[WhiteElo "2202"]
[BlackElo "2413"]
[TimeControl "180+1"]
[EndTime "9:20:08 PDT"]
[Termination "Juicy_Fork won on time"]

1. e4 e5 2. Nf3 Nc6 3. d4 exd4 4. Bc4 Nf6 5. e5 Ne4 6. O-O Be7 7. Bd5 Nc5 8. Bxc6 dxc6 9. Qxd4 O-O 10. Bf4 Bf5 11. Na3 Ne6 12. Qe3 Bc5 13. Qc1 Be4 14. Ng5 Nxg5 15. Bxg5 Qd5 16. Qf4 Bxg2 17. Bf6 Bxf1 18. Rxf1 gxf6 19. Qxf6 Qe6 20. Qf4 Kh8 21. Kh1 Rg8 22.
Nc4 Raf8 23. Ne3 f6 24. Qh6 Bxe3 25. fxe3 Qd5+ 26. e4 Qxe4+ 0-1

[Event "Early-Titled-Tuesday-Blitz-October-17-2023"]
[Site "Chess.com"]
[Date "2023.10.17"]
[Round "7"]
[White "Nf3c5"]
[Black "sokidze"]
[Result "0-1"]
[WhiteElo "2608"]
[BlackElo "2790"]
[TimeControl "180+1"]
[EndTime "9:20:17 PDT"]
[Termination "sokidze won on time"]

1. d4 Nf6 2. Nf3 e6 3. Bg5 h6 4.
Bh4 c5 5. e3 d5 6. c3 Bd6 7. Nbd2 Nbd7 8. Bd3 O-O 9. O-O e5 10. dxe5 Nxe5 11. Nxe5 Bxe5 12. Nf3 Bc7 13. Qc2 Bg4 14. Bf5 Qd6 15. Bg3 Qe7 16. Bxg4 Nxg4 17. Qf5 Bxg3 18. Qxg4 Bc7 19. Rad1 Rad8 20. Rd2 f5 21.
Qa4 f4 22. exf4 Rxf4 23. Qb3 Rxf3 24. Rxd5 Rxd5 25. Qxd5+ Rf7 26. g3 b6 27. a4 Kh7 28. a5 bxa5 29. Qd3+ Kh8 30. Qb5 Bb6 31. Qd3 Qf6 32. Qd2 c4 33. Qd5 Qf3 34. Qxc4 Bxf2+ 0-1

[Event "Early-Titled-Tuesday-Blitz-October-17-2023"]
[Site "Chess.com"]
[Date "2023.10.17"]
[Round "7"]
[White "Dewarfd"]
[Black "guillembaches"]
[Result "1/2-1/2"]
[WhiteElo "2213"]
[BlackElo "2509"]
[TimeControl "180+1"]
[EndTime "9:20:17 PDT"]
[Termination "Game drawn by repetition"]

1. d4 d5 2. e3 Nf6 3. Nf3 g6 4. Be2 Bg7 5. O-O O-O 6. b4 c6 7. a4 Bf5 8. c4 dxc4 9. Bxc4 Nbd7 10. Bd3 Bxd3 11. Qxd3 Nd5 12. b5 c5 13. Nc3 Nxc3 14.
Qxc3 Rc8 15. Qd3 cxd4 16. exd4 Nc5 17. Qe3 Ne6 18. Bb2 Rc2 19. Qb3 Rxb2 20. Qxb2 Nxd4 21. Nxd4 Bxd4 22. Qb4 Bxa1 23. Rxa1 Qd7 24. h3 Rd8 25.
Rc1 h5 26. Qc5 b6 27. Qe5 Rc8 28. Rxc8+ Qxc8 29. Qxe7 Qc1+ 30. Kh2 Qf4+ 31. Kg1 Qxa4 32.
Qe8+ Kg7 33. Qe5+ Kh7 34. Qe7 Kg7 35. Qe5+ Kh7 36. Qe7 Kg7 37. Qe5+ 1/2-1/2

[Event "Early-Titled-Tuesday-Blitz-October-17-2023"]
[Site "Chess.com"]
[Date "2023.10.17"]
[Round "7"]
[White "Fore_Man"]
[Black "stasOR4ik"]
[Result "1-0"]
[WhiteElo "2332"]
[BlackElo "2429"]
[TimeControl "180+1"]
[EndTime "9:20:17 PDT"]
[Termination "Fore_Man won by checkmate"]

1. Nf3 d5 2. c4 c6 3. g3 Nf6 4.
Bg2 h5 5. O-O h4 6. Nxh4 Rxh4 7.
gxh4 e5 8. d3 Ng4 9. h3 Nh6 10.
Bg5 Be7 11. Bxh6 gxh6 12. Qd2 Nd7 13. Qxh6 Nf8 14. cxd5 cxd5 15. Nc3 Be6 16. Rac1 Bxh4 17. Nb5 Bg5 18. Nc7+ Kd7 19. Qg7 Bxc1 20. Nxe6 Kxe6 21.
Rxc1 Ng6 22. e3 Rc8 23. Rxc8 Qxc8 24. h4 Qc1+ 25. Kh2 Qxb2 26. h5 Ne7 27. Bh3+ f5 28. Kg2 Qxa2 29. h6 e4 30. dxe4 dxe4 31. h7 Qe2 32.
h8=Q Qf3+ 33. Kg1 Qd1+ 34. Kh2 Qf3 35. Qe5+ Kd7 36. Qg3 Qe2 37. Qd4+ Ke6 38. Qge5+ Kf7 39. Qf6+ Ke8 40. Qh8+ Kf7 41. Qdf6# 1-0

[Event "Early-Titled-Tuesday-Blitz-October-17-2023"]
[Site "Chess.com"]
[Date "2023.10.17"]
[Round "7"]
[White "I_am_Javi"]
[Black "K_A_S_T_O_R"]
[Result "1/2-1/2"]
[WhiteElo "2757"]
[BlackElo "2868"]
[TimeControl "180+1"]
[EndTime "9:20:18 PDT"]
[Termination "Game drawn by repetition"]

1. e4 c6 2. d4 d5 3. e5 Bf5 4. c3 e6 5. Bd3 Bxd3 6. Qxd3 Qb6 7. Ne2 c5 8. O-O Nc6 9. Nd2 cxd4 10. cxd4 Nge7 11. Nf3 Nf5 12. a3 Be7 13. b4 Rc8 14. g4 Nh4 15. Nxh4 Bxh4 16. Be3 Be7 17. f4 h5 18. f5 hxg4 19. fxe6 fxe6 20. Qg6+ Kd7 21. Bf2 Rcf8 22. Qxg4 g5 23. Bg3 a5 24. bxa5 Nxa5 25. Rfb1 Qa6 26. a4 Qd3 27. Rb5 Bd8 28.
Rab1 b6 29. Rxd5+ Kc7 30. Rc1+ Kb8 31. Rxa5 bxa5 32. Qxe6 Qe3+ 33. Kh1 Rxh2+ 34. Bxh2 Qf3+ 35. Kg1 Qf2+ 36. Kh1 Qf3+ 37. Kg1 Qf2+ 38. Kh1 Qf3+ 1/2-1/2

[Event "Early-Titled-Tuesday-Blitz-October-17-2023"]
[Site "Chess.com"]
[Date "2023.10.17"]
[Round "7"]
[White "AsaHoffmann"]
[Black "aghasiyevkamal"]
[Result "0-1"]
[WhiteElo "2344"]
[BlackElo "2588"]
[TimeControl "180+1"]
[EndTime "9:20:21 PDT"]
[Termination "aghasiyevkamal won by resignation"]

1. d4 d6 2. e4 e5 3. Ne2 Nf6 4. Nbc3 Nbd7 5. Be3 Be7 6. f3 c6 7. Qd2 Qc7 8. a4 O-O 9. g4 exd4 10. Bxd4 Ne5 11. Bg2 d5 12. g5 Nh5 13. f4 Nc4 14. Qc1 dxe4 15. Nxe4 Bg4 16. Rf1 Bxe2 17. Kxe2 Rad8 18.
c3 c5 19. Be3 Rfe8 20. b3 Nxe3 21. Qxe3 Bd6 22. f5 Nf4+ 23. Kf3 Qc6 24. Bh1 Qd5 25. Kg4 Qd3 26. Qxd3 Nxd3 27. Rad1 Bb8 28. Ng3 b6 29.
Bc6 Ne5+ 30. Kh5 Nxc6 31. g6 hxg6+ 32. fxg6 fxg6+ 33. Kxg6 Ne5+ 34. Kh5 Kh7 35. Rde1 g6+ 36. Kg5 Nf3+ 37. Rxf3 Rd5+ 38. Nf5 Rxe1 0-1

[Event "Early-Titled-Tuesday-Blitz-October-17-2023"]
[Site "Chess.com"]
[Date "2023.10.17"]
[Round "7"]
[White "DonCiao"]
[Black "AnaKuchava"]
[Result "1-0"]
[WhiteElo "2104"]
[BlackElo "2239"]
[TimeControl "180+1"]
[EndTime "9:20:22 PDT"]
[Termination "DonCiao won by checkmate"]

1. c4 e6 2. g3 d5 3. Bg2 Nf6 4. Nf3 d4 5. O-O c5 6. e3 Nc6 7.
exd4 cxd4 8. d3 Bd6 9. Re1 O-O 10. Na3 e5 11. b4 Bxb4 12. Re2 Re8 13. Rb1 Qd6 14. Nb5 Qb8 15. Bg5 Be7 16. c5 h6 17.
Bxf6 Bxf6 18. Nd6 Rd8 19. Qb3 Be6 20. Qxb7 Qxb7 21. Rxb7 Rab8 22. Reb2 Rxb7 23. Rxb7 Bxa2 24. Nd2 Ne7 25. Rxa7 Bd5 26. N2e4 Nc6 27. Rc7 Ra8 28.
Nxf6+ gxf6 29. Bxd5 Ra1+ 30. Kg2 Nb4 31. Bxf7+ Kg7 32. Bc4+ Kg6 33. Bf7+ Kg5 34. h4+ Kg4 35. f3# 1-0

[Event "Early-Titled-Tuesday-Blitz-October-17-2023"]
[Site "Chess.com"]
[Date "2023.10.17"]
[Round "7"]
[White "AsadliVugar"]
[Black "Mykola-Bortnyk"]
[Result "0-1"]
[WhiteElo "2890"]
[BlackElo "2986"]
[TimeControl "180+1"]
[EndTime "9:20:23 PDT"]
[Termination "Mykola-Bortnyk won by resignation"]

1. e4 Nf6 2. e5 Nd5 3. d4 d6 4. Nf3 dxe5 5. Nxe5 c6 6. Be2 Bf5 7. O-O Nd7 8. Nf3 e6 9. a3 Bd6 10. c4 Nf4 11. Bxf4 Bxf4 12. Nc3 O-O 13. h3 Bg6 14. b4 e5 15. g3 e4 16. Nh2 Bc7 17. Bh5 f5 18. Bxg6 hxg6 19. d5 Be5 20. Rc1 Nb6 21.
dxc6 bxc6 22. Qb3 Kh7 23. Rfd1 Qe7 24. c5 Nd7 25. Qa4 Bxc3 26. Rxc3 Ne5 27. f4 exf3 28. Nxf3 Rad8 29. Rf1 Nxf3+ 30. Rcxf3 Qe4 31. Qxa7 Rd1 32. Rf4 Qe3+ 33. Kg2 g5 34. R4f2 Rxf1 35. Rxf1 Rd8 36.
Rf2 Qe4+ 37. Kh2 Rd1 38. Rg2 Qe1 0-1

[Event "Early-Titled-Tuesday-Blitz-October-17-2023"]
[Site "Chess.com"]
[Date "2023.10.17"]
[Round "7"]
[White "Jospem"]
[Black "Zhigalko_Sergei"]
[Result "1-0"]
[WhiteElo "3121"]
[BlackElo "2948"]
[TimeControl "180+1"]
[EndTime "9:20:24 PDT"]
[Termination "Jospem won on time"]

1. e4 c5 2. Nc3 Nc6 3. Nge2 Nf6 4. h3 d5 5. exd5 Nxd5 6. g3 Nc7 7. Bg2 g6 8. O-O Bg7 9. a3 O-O 10. Rb1 a5 11. d3 Ne6 12. Be3 Ned4 13. Ne4 Nxe2+ 14. Qxe2 Nd4 15. Qd1 Qc7 16. c3 Ne6 17. b4 axb4 18.
axb4 cxb4 19. Rxb4 f5 20. Rc4 Qa5 21. Nc5 Nxc5 22.
Rxc5 Qa3 23. c4 Rd8 24. d4 f4 25. gxf4 Bf5 26. Rb5 Qc3 27. Qc1 1-0

[Event "Early-Titled-Tuesday-Blitz-October-17-2023"]
[Site "Chess.com"]
[Date "2023.10.17"]
[Round "7"]
[White "Ranindu2003"]
[Black "profedechess93"]
[Result "1-0"]
[WhiteElo "2786"]
[BlackElo "2608"]
[TimeControl "180+1"]
[EndTime "9:20:25 PDT"]
[Termination "Ranindu2003 won by resignation"]

1. e4 e6 2. d4 d5 3. Nc3 Nf6 4.
exd5 exd5 5. Bd3 Bb4 6. Ne2 O-O 7. O-O c6 8. Ng3 Re8 9. h3 Bxc3 10. bxc3 Ne4 11.
Qf3 Nxc3 12. Bd2 Ne4 13. Nxe4 dxe4 14. Bxe4 Qxd4 15. Rfe1 Qxd2 16. Rad1 Qg5 17. Bxh7+ Kxh7 18. Rxe8 Bd7 19. Rxd7 Nxd7 20. Rxa8 Nf6 21. Rxa7 Qc1+ 22. Kh2 Qb2 23. Qd3+ g6 24. Qb3 Qe5+ 25. g3 Nd5 26. Rxb7 Kg7 27. Qb2 Nc3 28. Rb3 1-0

[Event "Early-Titled-Tuesday-Blitz-October-17-2023"]
[Site "Chess.com"]
[Date "2023.10.17"]
[Round "7"]
[White "PoXerStar"]
[Black "Niilo1"]
[Result "1-0"]
[WhiteElo "2425"]
[BlackElo "2294"]
[TimeControl "180+1"]
[EndTime "9:20:25 PDT"]
[Termination "PoXerStar won on time"]

1. Nf3 Nf6 2. e3 g6 3. b3 Bg7 4.
Bb2 O-O 5. c4 d6 6. Nc3 Nc6 7.
d4 e5 8. Be2 Ne8 9. Rc1 f5 10. a3 a5 11. d5 Ne7 12. b4 axb4 13. axb4 h6 14. c5 g5 15. e4 f4 16. Nd2 Nf6 17. Nc4 g4 18. f3 Ng6 19. cxd6 cxd6 20.
Nb5 Ne8 21. fxg4 Qh4+ 22. Kd2 Qg5 23. Kc2 Nh4 24. Bf3 Qg6 25. Qe1 Nxg2 26. Bxg2 f3 27. Bf1 Bd7 28. Nb6 Bxb5 29. Bxb5 f2 30. Qe2 Rd8 31.
Bxe8 Qxe8 32. Kb1 Qg6 33. Rhf1 Rf4 34. Rxf2 Rxe4 35. Qc2 Qxg4 36. Rg2 Qh5 37. Rcg1 1-0

[Event "Early-Titled-Tuesday-Blitz-October-17-2023"]
[Site "Chess.com"]
[Date "2023.10.17"]
[Round "7"]
[White "CristianS27"]
[Black "LUISMIGUELOV"]
[Result "1-0"]
[WhiteElo "2516"]
[BlackElo "2172"]
[TimeControl "180+1"]
[EndTime "9:20:26 PDT"]
[Termination "CristianS27 won on time"]

1. e4 c6 2. d4 d5 3. exd5 cxd5 4.
c4 Nf6 5. Nc3 e6 6. c5 b6 7. b4 a5 8. Na4 bxc5 9. bxc5 Bd7 10. Nb6 Ra7 11. Nf3 Be7 12. Ne5 O-O 13. Bd3 Ne4 14.
f3 Nxc5 15. dxc5 Bxc5 16. Nbxd7 Bb4+ 17. Bd2 Nxd7 18. Nc6 Qb6 19. Nxa7 Qe3+ 20. Qe2 Bxd2+ 21. Kd1 Qxa7 22. Qxd2 Ne5 23. Ke2 Nxd3 24. Qxd3 h6 25. Rhc1 Qb8 26. g3 Qe5+ 27. Kf2 Qh5 28. Kg2 f5 29. Re1 Rf6 30. Rab1 a4 31. Rb6 Qg6 32.
f4 h5 33. Re5 h4 34. Qe3 Qg4 35. Rbxe6 h3+ 36. Kf2 Rxe6 37. Rxe6 Qd1 38. Re8+ 1-0

[Event "Early-Titled-Tuesday-Blitz-October-17-2023"]
[Site "Chess.com"]
[Date "2023.10.17"]
[Round "7"]
[White "Rutricks"]
[Black "Cheer_Down"]
[Result "0-1"]
[WhiteElo "2657"]
[BlackElo "2537"]
[TimeControl "180+1"]
[EndTime "9:20:27 PDT"]
[Termination "Cheer_Down won by resignation"]

1. Nf3 d5 2. b3 Nc6 3. Bb2 Bg4 4. h3 Bxf3 5. exf3 e5 6. Bb5 Bd6 7. O-O Ne7 8. Re1 f6 9. d4 exd4 10. Qxd4 O-O 11. Bxc6 bxc6 12. Qd3 Qd7 13. c4 Qf5 14. Qxf5 Nxf5 15. Nc3 dxc4 16. bxc4 Rab8 17. Re2 Be5 18. Rc1 Rb4 19. Ba3 Rxc4 20. Bxf8 Kxf8 21. Rec2 Nd4 22. Rb2 Nb5 23. f4 Rxc3 24. Re1 Bd6 25.
a4 Nd4 26. Rb8+ Kf7 27. Rb7 a5 28. Ra7 Nb3 29. g3 Rc4 30. Re3 Rb4 31. h4 f5 32.
h5 c5 33. Ra8 Re4 34. h6 Rxe3 35. fxe3 gxh6 36. Rb8 c4 37. Kf2 Ke6 38. Rb5 Bb4 39.
g4 fxg4 40. e4 c3 41. Rb7 Kd7 0-1

[Event "Early-Titled-Tuesday-Blitz-October-17-2023"]
[Site "Chess.com"]
[Date "2023.10.17"]
[Round "7"]
[White "Alphafischer2019"]
[Black "verrbaa"]
[Result "1-0"]
[WhiteElo "2592"]
[BlackElo "2445"]
[TimeControl "180+1"]
[EndTime "9:20:27 PDT"]
[Termination "Alphafischer2019 won on time"]

1. e4 e5 2. Nf3 Nc6 3. Nc3 Nf6 4. d4 exd4 5. Nxd4 Bb4 6. Nxc6 bxc6 7. Bd3 d5 8. Bd2 O-O 9. O-O Bxc3 10. Bxc3 Nxe4 11. Bxe4 dxe4 12. Qe2 Bf5 13. Qe3 Bg6 14. Rad1 Qc8 15. Qd4 f6 16. Qc4+ Rf7 17. Qxc6 Rb8 18. Qc5 Qa6 19. a3 Qb6 20. Qe3 Qxe3 21. fxe3 Kf8 22. g4 f5 23. h3 Ke8 24. Kg2 Rd8 25. Rxd8+ Kxd8 26. g5 Bh5 27. Kg3 Bf3 28. Kf4 g6 29.
Rf2 Rd7 30. Bd4 a6 31. b4 Ke7 32. c4 c6 33. a4 Rb7 34. Rb2 Ke6 35. b5 cxb5 36. axb5 axb5 37. cxb5 Bd1 38. b6 Ba4 39. Ra2 Bc6 40. Ra5 Kd6 41. h4 Ke6 42. Re5+ Kd6 43. Bc5+ Kd7 44. h5 Kd8 45. h6 Kd7 46. Re7+ Kd8 47. Rg7 Kc8 48. Ke5 Kd8 49. Kd6 1-0

[Event "Early-Titled-Tuesday-Blitz-October-17-2023"]
[Site "Chess.com"]
[Date "2023.10.17"]
[Round "7"]
[White "Akylbek2021"]
[Black "UK_23"]
[Result "0-1"]
[WhiteElo "2274"]
[BlackElo "2414"]
[TimeControl "180+1"]
[EndTime "9:20:27 PDT"]
[Termination "UK_23 won by resignation"]

1. e4 e5 2. Nf3 Nc6 3. d4 exd4 4. Bc4 Nf6 5. O-O Nxe4 6. Re1 d5 7. Bb5 Bc5 8. Nxd4 O-O 9. Be3 Bb6 10. Nxc6 bxc6 11. Bxc6 Bxe3 12. Rxe3 Qf6 13. Rxe4 Qxc6 14. Rd4 Rb8 15.
Nc3 Be6 16. Na4 Qb5 17. b3 c5 18. Rh4 d4 19. Qh5 h6 20. Qxc5 Rfc8 21. Qxb5 Rxb5 22. Rc1 d3 23. c4 d2 24. Rd1 Re5 25. Rd4 Re1+ 0-1

[Event "Early-Titled-Tuesday-Blitz-October-17-2023"]
[Site "Chess.com"]
[Date "2023.10.17"]
[Round "7"]
[White "tusplingher"]
[Black "bescmelasti"]
[Result "1-0"]
[WhiteElo "2521"]
[BlackElo "2612"]
[TimeControl "180+1"]
[EndTime "9:20:28 PDT"]
[Termination "tusplingher won by checkmate"]

1. e4 c5 2. b3 e6 3. Bb2 Nc6 4. Bb5 Nge7 5. Nf3 a6 6. Bxc6 Nxc6 7. d4 cxd4 8. Nxd4 Bb4+ 9. c3 Be7 10. O-O O-O 11. Nxc6 bxc6 12. c4 d5 13. cxd5 cxd5 14.
exd5 exd5 15. Bd4 a5 16. Nc3 Be6 17. Re1 Qd7 18. Na4 Qb5 19. Qf3 Rfe8 20. Rac1 Rac8 21. h3 Bf8 22. Nb6 Rxc1 23. Rxc1 Rb8 24. Na4 Qb4 25. Qe3 Qb5 26. Qe5 Rc8 27. Rxc8 Bxc8 28. Nc3 Qc6 29.
Nxd5 Be6 30. Ne7+ Bxe7 31. Qxg7# 1-0

[Event "Early-Titled-Tuesday-Blitz-October-17-2023"]
[Site "Chess.com"]
[Date "2023.10.17"]
[Round "7"]
[White "Mikhail_Golubev"]
[Black "ckgchess"]
[Result "0-1"]
[WhiteElo "2578"]
[BlackElo "2884"]
[TimeControl "180+1"]
[EndTime "9:20:29 PDT"]
[Termination "ckgchess won on time"]

1. e4 e5 2. Nf3 Nf6 3. Nc3 Nc6 4.
d4 exd4 5. Nxd4 Nxe4 6. Nxe4 Qe7 7. f3 d5 8. Bb5 Bd7 9. Bxc6 bxc6 10. O-O dxe4 11.
Re1 O-O-O 12. Rxe4 Qb4 13. Nb3 Qb7 14. Qe2 Bd6 15.
Be3 Rhe8 16. Rxe8 Rxe8 17. Qf2 Bf5 18. Re1 Qb4 19. c3 Qa4 20. Bc5 Rxe1+ 21. Qxe1 Qxa2 22. Bxd6 Qxb3 23. Bf4 Qxb2 24. Qe5 Qb6+ 25. Kf1 Be6 26. Ke1 a5 27. Kd2 a4 28. Be3 Qb2+ 29. Kd3 Qb1+ 30. Kd2 Qb2+ 31. Kd3 a3 32. Bf4 Qb6 0-1

[Event "Early-Titled-Tuesday-Blitz-October-17-2023"]
[Site "Chess.com"]
[Date "2023.10.17"]
[Round "7"]
[White "Ginzburg_Yakov"]
[Black "attack2mateU"]
[Result "1-0"]
[WhiteElo "2583"]
[BlackElo "2716"]
[TimeControl "180+1"]
[EndTime "9:20:31 PDT"]
[Termination "Ginzburg_Yakov won on time"]

1. e4 c5 2. Nf3 d6 3. d4 cxd4 4. Nxd4 Nf6 5. Nc3 a6 6. h3 e5 7. Nb3 Be7 8. g4 h6 9. Bg2 Be6 10. Be3 Nbd7 11. Qd2 Rc8 12. O-O-O Nf8 13. Kb1 Ng6 14.
Rhe1 Qc7 15. Nd5 Nxd5 16. exd5 Bd7 17. Be4 O-O 18. Rg1 Qd8 19. Na5 Bg5 20. Nxb7 Qc7 21.
Na5 Nf4 22. Nc6 Rfe8 23. c4 Nxh3 24. Rh1 Bxe3 25. Qxe3 Ng5 26. Bf5 Bxc6 27. Bxc8 Ba4 28. Bxa6 Bxd1 29. Rxd1 e4 30. Bb5 Nf3 31. Bxe8 1-0

[Event "Early-Titled-Tuesday-Blitz-October-17-2023"]
[Site "Chess.com"]
[Date "2023.10.17"]
[Round "7"]
[White "dosto07"]
[Black "Fonsofan"]
[Result "1-0"]
[WhiteElo "2561"]
[BlackElo "2669"]
[TimeControl "180+1"]
[EndTime "9:20:32 PDT"]
[Termination "dosto07 won by checkmate"]

1. e4 c6 2. d4 d5 3. Nc3 dxe4 4. Nxe4 Nf6 5. Nxf6+ gxf6 6. Nf3 Bf5 7. Bd3 e6 8. O-O Bxd3 9. Qxd3 Nd7 10. Bf4 Be7 11.
Rfe1 Qa5 12. c4 O-O-O 13. a3 Qh5 14. Rad1 Rhg8 15. Bg3 Qg6 16. Qe3 Nb6 17. b3 Bd6 18. a4 f5 19. Ne5 Qg7 20. a5 Nd7 21. Nxc6 bxc6 22. d5 f4 23. Qxa7 fxg3 24. hxg3 exd5 25. cxd5 Bc5 26. Qa6+ Kc7 27. dxc6 Ne5 28. Qb7# 1-0

[Event "Early-Titled-Tuesday-Blitz-October-17-2023"]
[Site "Chess.com"]
[Date "2023.10.17"]
[Round "7"]
[White "Felix-Rose"]
[Black "Rosh1610"]
[Result "0-1"]
[WhiteElo "2307"]
[BlackElo "2436"]
[TimeControl "180+1"]
[EndTime "9:20:35 PDT"]
[Termination "Rosh1610 won on time"]

1. e4 c5 2. Nf3 d6 3. d4 cxd4 4. Nxd4 Nf6 5. Nc3 a6 6. f3 e5 7. Nb3 Be6 8. Be3 Be7 9. Qd2 h5 10. O-O-O Nbd7 11. Kb1 Rc8 12. g3 b5 13. Nd5 Bxd5 14. exd5 Nb6 15. Bxb6 Qxb6 16. f4 Ne4 17. Qe1 Nf2 18. Bh3 Nxh3 19. fxe5 O-O 20. Rf1 dxe5 21. Qxe5 Bf6 22. Qxh5 Ng5 23. d6 Qc6 24. c3 Ne4 25.
Nd4 Qc4 26. Qg4 Nd2+ 27. Kc2 Nxf1 28. d7 Ne3+ 29. Kb1 Nxg4 0-1

[Event "Early-Titled-Tuesday-Blitz-October-17-2023"]
[Site "Chess.com"]
[Date "2023.10.17"]
[Round "7"]
[White "jcibarra"]
[Black "Ramosha"]
[Result "0-1"]
[WhiteElo "2873"]
[BlackElo "2642"]
[TimeControl "180+1"]
[EndTime "9:20:37 PDT"]
[Termination "Ramosha won on time"]

1. e4 c6 2. Nf3 d5 3. d3 Qc7 4.
exd5 cxd5 5. c4 dxc4 6. dxc4 Nc6 7.
Nc3 e6 8. g3 Nf6 9. Bg2 Be7 10.
O-O O-O 11. Qe2 a6 12. Bf4 Bd6 13. Bxd6 Qxd6 14. Rfd1 Qe7 15. a3 Bd7 16. b4 Rac8 17. c5 Rfd8 18. Rd6 Ne8 19. Rd2 Nc7 20. Na4 Be8 21.
Nb6 Rxd2 22. Nxd2 Rd8 23. Ndc4 Nb5 24. Qb2 Qf6 25. Qxf6 gxf6 26. a4 Nc3 27. Nd6 Nxb4 28. Bxb7 Nd3 29. c6 Bxc6 30. Bxa6 Rxd6 31. Ra3 Nc5 32.
Rxc3 Nxa6 33. f4 Be4 34. Nc4 Rd1+ 35. Kf2 Nb4 36. Ne3 Ra1 37. Rc4 Nd3+ 38. Ke2 Ra2+ 39. Nc2 Nxf4+ 40. gxf4 Rxc2+ 41. Rxc2 Bxc2 42. a5 Be4 0-1

[Event "Early-Titled-Tuesday-Blitz-October-17-2023"]
[Site "Chess.com"]
[Date "2023.10.17"]
[Round "7"]
[White "RETURNOFTHELAGGER"]
[Black "subham777"]
[Result "1-0"]
[WhiteElo "2679"]
[BlackElo "2537"]
[TimeControl "180+1"]
[EndTime "9:20:37 PDT"]
[Termination "RETURNOFTHELAGGER won on time"]

1. e4 e6 2. d4 d5 3. Nd2 c5 4. Ngf3 cxd4 5. Nxd4 Nc6 6. Nxc6 bxc6 7. Bd3 Bd6 8. O-O Ne7 9. f4 O-O 10. c4 Bc7 11.
Nf3 Ng6 12. e5 a5 13. cxd5 cxd5 14. Ng5 h6 15. Nxf7 Rxf7 16. Bxg6 Rf8 17. Qh5 Ba6 18. Re1 Bb6+ 19. Kh1 Rc8 20. f5 Qe7 21. f6 gxf6 22. Bxh6 fxe5 23. Rxe5 Qc7 24. Rxe6 Rf2 25. Rae1 Bd4 26.
Re8+ 1-0

[Event "Early-Titled-Tuesday-Blitz-October-17-2023"]
[Site "Chess.com"]
[Date "2023.10.17"]
[Round "7"]
[White "InitiatingASC"]
[Black "atalz0"]
[Result "1-0"]
[WhiteElo "2367"]
[BlackElo "2496"]
[TimeControl "180+1"]
[EndTime "9:20:37 PDT"]
[Termination "InitiatingASC won by resignation"]

1. e4 c6 2. Nf3 d5 3. Nc3 Bg4 4. exd5 cxd5 5. Bb5+ Nc6 6. h3 Bxf3 7. Qxf3 e6 8. O-O Nf6 9. d4 a6 10. Bxc6+ bxc6 11. Bg5 Be7 12. Bxf6 Bxf6 13. Qe3 c5 14. Ne2 cxd4 15.
Nxd4 Qb6 16. Rad1 O-O 17. b3 Rfc8 18. c3 Ra7 19. Rd3 Rac7 20. Rfd1 h6 21. Qg3 a5 22. Rf3 Bxd4 23. Rxd4 Rxc3 24. Rxc3 Rd8 25. Rg4 g6 26.
Rc7 Kf8 27. Qe5 Kg8 28. Rxg6+ 1-0

[Event "Early-Titled-Tuesday-Blitz-October-17-2023"]
[Site "Chess.com"]
[Date "2023.10.17"]
[Round "7"]
[White "maracayo"]
[Black "Sanyura"]
[Result "0-1"]
[WhiteElo "2376"]
[BlackElo "2542"]
[TimeControl "180+1"]
[EndTime "9:20:39 PDT"]
[Termination "Sanyura won by resignation"]

1. e4 c6 2. Nf3 d5 3. d3 dxe4 4.
dxe4 Qxd1+ 5. Kxd1 Nd7 6. Bd3 Ngf6 7. Ke2 g6 8. Be3 Bg7 9. Nbd2 O-O 10. h3 b6 11. a4 Bb7 12. a5 c5 13. Rhe1 Rfc8 14.
c3 Ne8 15. Bb5 Rc7 16. a6 Bc8 17. Nc4 Nd6 18. Nxd6 exd6 19. Red1 Bf8 20. Nd2 Nf6 21. f4 Be6 22. Kf3 Rd8 23. g4 d5 24. f5 gxf5 25.
gxf5 dxe4+ 26. Nxe4 Bd5 27. Rxd5 Nxd5 28. c4 Nxe3 29.
Rg1+ Kh8 30. Kxe3 Bh6+ 31. Ke2 Re7 32. Kf3 Rd3+ 0-1

[Event "Early-Titled-Tuesday-Blitz-October-17-2023"]
[Site "Chess.com"]
[Date "2023.10.17"]
[Round "7"]
[White "JiiHart"]
[Black "jasonbolivar"]
[Result "1-0"]
[WhiteElo "2206"]
[BlackElo "2304"]
[TimeControl "180+1"]
[EndTime "9:20:39 PDT"]
[Termination "JiiHart won on time"]

1. e4 c5 2. c3 Nf6 3. e5 Nd5 4. d4 cxd4 5. Nf3 d6 6. cxd4 Nc6 7. Nc3 Nxc3 8. bxc3 e6 9. Bd3 Be7 10. Qe2 Bd7 11. h4 h6 12. h5 Rc8 13. Bd2 a6 14. Rh3 Na5 15. Rg3 Bf8 16. exd6 Bc6 17. Ne5 Qxd6 18.
Bf4 Qa3 19. Kf1 Qxc3 20. Rd1 Qxd4 21. Nxf7 Qxf4 22. Nxh8 Bb5 23. Qxe6+ Be7 24. Qxc8+ Bd8 25. Qe6+ Be7 26. Bxb5+ axb5 27. Qd7+ Kf8 28. Rf3 1-0

[Event "Early-Titled-Tuesday-Blitz-October-17-2023"]
[Site "Chess.com"]
[Date "2023.10.17"]
[Round "7"]
[White "ActorXu"]
[Black "balachess2006"]
[Result "1-0"]
[WhiteElo "2791"]
[BlackElo "2612"]
[TimeControl "180+1"]
[EndTime "9:20:40 PDT"]
[Termination "ActorXu won by resignation"]

1. e4 c5 2. Nf3 Nc6 3. Bb5 g6 4. O-O Bg7 5. c3 e5 6. d4 exd4 7. cxd4 Nxd4 8. Nxd4 cxd4 9. Bf4 Ne7 10. e5 O-O 11.
Qxd4 a6 12. Bc4 b5 13. Bd5 Nxd5 14. Qxd5 Rb8 15. Nc3 Bb7 16. Qd3 Rc8 17. Rad1 Bc6 18. Rfe1 Qa5 19. Nd5 Rfe8 20. a3 Qa4 21. Bg3 Qg4 22.
h3 Qe6 23. Ne3 h5 24. f4 Qa2 25. b4 Qe6 26. f5 gxf5 27. Nxf5 Bf8 28. Bh4 Qg6 29. Rd2 Re6 30. Re3 Kh8 31. Rg3 Qh7 32. Qf1 Rce8 33. Rf2 Bg7 34. Rxg7 Qxg7 35. Nxg7 Kxg7 36.
Bf6+ Kh7 37. Rf5 1-0

[Event "Early-Titled-Tuesday-Blitz-October-17-2023"]
[Site "Chess.com"]
[Date "2023.10.17"]
[Round "7"]
[White "Arystanner"]
[Black "Beca95"]
[Result "1/2-1/2"]
[WhiteElo "2807"]
[BlackElo "2915"]
[TimeControl "180+1"]
[EndTime "9:20:43 PDT"]
[Termination "Game drawn - insufficient material"]

1. e4 e5 2. Nf3 Nf6 3. Nxe5 d6 4. Nf3 Nxe4 5. d4 d5 6. Bd3 Bd6 7. O-O O-O 8. c4 c6 9. cxd5 cxd5 10. Nc3 Nxc3 11.
bxc3 Bg4 12. h3 Bh5 13. Rb1 Nd7 14. Rb5 Nb6 15. c4 Bxf3 16. Qxf3 dxc4 17. Bc2 g6 18. Bg5 Be7 19. Bh6 Re8 20. Qxb7 Qxd4 21. Be3 Qf6 22.
a4 Bd6 23. a5 Re7 24. Qf3 Qxf3 25. gxf3 Nd7 26. Be4 Rb8 27. Rfb1 Rxb5 28. Rxb5 a6 29. Rd5 Bc7 30. Rd4 Bxa5 31. Rxc4 Kg7 32. Rc6 Bb4 33. Rxa6 Bc5 34. Rc6 Bxe3 35. fxe3 Nf6 36. Rc4 Nxe4 37. fxe4 Kh6 38. Kf2 Kh5 39. Kg3 g5 40. Kf3 Kh4 41. Rc6 Re6 42. Rc7 Rf6+ 43. Kg2 h5 44. e5 Rf5 45.
Rc4+ g4 46. hxg4 hxg4 47. Re4 Kg5 48. e6 fxe6 49. Rxe6 Rf3 50. Re8 Rf6 51. Rg8+ Rg6 52. Rxg6+ Kxg6 53. Kg3 Kf5 54. e4+ Kxe4 55. Kxg4 1/2-1/2